 Seeded DCSS version 0.30.1-9-gdf580d7c3d (webtiles) character file.

Game seed: 6351066067085065685 (custom seed)

752 Esekla the Magician (level 7, -5/36 HPs)
             Began as a Deep Elf Wanderer on Sept 27, 2023.
             Was a Believer of Vehumet.
             Hit by a large rock thrown by a cyclops (41 damage)
             ... on level 9 of the Dungeon on Sept 28, 2023.
             The game lasted 00:28:32 (4307 turns).

Esekla the Magician (Deep Elf Wanderer)             Turns: 4307, Time: 00:28:33

Health: -5/36      AC:  4    Str: 11    XL:     7   Next: 49%
Magic:  19/19      EV: 11    Int: 20    God:    Vehumet [**....]
Gold:   276        SH:  4    Dex: 11    Spells: 5/20 levels left

rFire   . . .        a - +2 dagger (vamp)
rCold   . . .        d - +0 buckler
rNeg    . . .        c - +0 robe
rPois   .            l - +0 helmet
rElec   .            (no cloak)
rCorr   .            k - +0 pair of gloves
SInv    .            (no boots)
Will    .....        B - amulet of magic regeneration
Stlth   ++           (no ring)
HPRegen 0.26/turn    (no ring)
MPRegen 0.56/turn

%: no passive effects
@: no status effects
A: no striking features
a: Renounce Religion


You were on level 9 of the Dungeon.
You worshipped Vehumet.
Vehumet was pleased with you.
You visited 1 branch of the dungeon, and saw 7 of its levels.

You collected 276 gold pieces.

Inventory:

Hand Weapons
 a - a +2 vampiric dagger (weapon)
 r - a +0 trident
 s - the +5 rapier of the Hero {heavy, rN+ Dex+3}
   (You found it on level 3 of the Dungeon)

   Dex:       It affects your dexterity (+3).
   rN:        It protects you from negative energy.
Missiles
 u - 8 poisoned darts (quivered)
Armour
 c - a +0 robe (worn)
 d - a +0 buckler (worn)
 k - a +0 pair of gloves (worn)
 l - a +0 helmet (worn)
Jewellery
 B - an amulet of magic regeneration (around neck)
Wands
 i - a wand of roots (16)
 D - a wand of flame (15)
Scrolls
 g - 5 scrolls of identify {unknown}
 n - 3 scrolls of enchant weapon {unknown}
 o - 2 scrolls of amnesia {unknown}
 p - a scroll of immolation {unknown}
 t - 2 scrolls of blinking {unknown}
 v - 2 scrolls of fog {unknown}
 x - a scroll of enchant armour {unknown}
 y - a scroll of summoning {unknown}
 z - a scroll of silence {unknown}
 A - a scroll of magic mapping {unknown}
 C - 2 scrolls of fear
Potions
 b - 2 potions of lignification
 e - a potion of ambrosia {unknown}
 f - 2 potions of attraction {unknown}
 h - a potion of heal wounds {unknown}
 j - 4 potions of curing
 m - a potion of mutation {unknown}
 q - 3 potions of brilliance {unknown}
 w - a potion of haste {unknown}


   Skills:
 + Level 2.0 Short Blades
 + Level 0.1 Throwing
 * Level 2.3 Dodging
 + Level 2.3 Stealth
 + Level 1.8 Shields
 * Level 7.4 Spellcasting
 + Level 2.1 Conjurations
 * Level 3.9 Necromancy
 + Level 3.2 Translocations
 * Level 1.1 Transmutations
 * Level 2.2 Fire Magic
 * Level 1.0 Air Magic
 * Level 0.9 Poison Magic
 + Level 1.0 Invocations


You had 5 spell levels left.
You knew the following spells:

 Your Spells              Type           Power      Damage    Failure   Level
a - Magic Dart            Conj           64%        1d6       5%          1
b - Blink                 Tloc           40%        N/A       5%          2
d - Vampiric Draining     Necr           23%        2d7       8%          3
n - Ignite Poison         Fire/Tmut/Pois 13%        N/A       22%         3
p - Apportation           Tloc           40%        N/A       3%          1
t - Teleport Other        Tloc           20%        N/A       11%         3
v - Poisonous Vapours     Pois/Air       22%        N/A       13%         2

Your spell library contained the following spells:

 Spells                   Type           Power      Damage    Failure   Level
 Lesser Beckoning         Tloc           40%        N/A       5%          2
 Gell's Gravitas          Tloc           20%        N/A       11%         3
 Spider Form              Tmut/Pois      11%        N/A       26%         3
 Cause Fear               Hex            3%         N/A       78%         4
 Summon Mana Viper        Hex/Summ       7%         N/A       98%         5


Dungeon Overview and Level Annotations

Branches:
Dungeon (6/15)             Temple (0/1) D:6

Altars:
Dithmenos
Hepliaklqana
Okawaru
Qazlal
Trog
Vehumet
Zin
The Shining One

Shops:
D:2 =   D:4 (


Message History

You climb downwards.
There is a stone staircase leading up here.
You see here a +0 leather armour.
Found 6 stones and a robe.
Found a staircase to the Ecumenical Temple. 3 lemures come into view.
Casting: Ignite Poison (quite dangerous; 22% risk of failure)
Confirm with . or Enter, or press ? or * to list all spells.
The spell is quite dangerous to miscast (11% risk of failure)!
Continue anyway?
Okay, then.
Casting: Teleport Other (quite dangerous; 11% risk of failure)
Confirm with . or Enter, or press ? or * to list all spells.
The spell is quite dangerous to miscast (11% risk of failure)!
Continue anyway?
Aiming: Teleport Other (quite dangerous; 11% risk of failure)
Press: ? - help, Shift-Dir - straight line, f - lemure
Aim: a lemure (chance to affect: 60%)
The lemure resists with significant effort.
Casting: Teleport Other (quite dangerous; 11% risk of failure)
Confirm with . or Enter, or press ? or * to list all spells.
The spell is quite dangerous to miscast (11% risk of failure)!
Continue anyway?
Aiming: Teleport Other (quite dangerous; 11% risk of failure)
Press: ? - help, Shift-Dir - straight line, f/p - lemure
Aim: a lemure (chance to affect: 60%)
The lemure looks slightly unstable.
The lemure barely misses you. The lemure attacks as you move away!
The lemure hits you.
The lemure disappears!
Okay, then.
You see here a +0 leather armour.
There is a stone staircase leading up here.
A sourceless malevolence fills the Dungeon...
You fall into a shaft and drop 3 floors!
The shaft crumbles and collapses.
You hear the roar of battle.
There is an entrance to a bailey on this level.
Hurry and find it before the portal closes forever!
You open the door.
A cyclops comes into view.
There is an open door here.
The cyclops throws a large rock.
The large rock hits you!!!
Ouch! That really hurt!
You die...

###+#####
#.......#
#####.......#
............#
............#
............#
.........@..#
.........#'##
.........#..C..#
#######+##.....#
.........
.........
....##+### ....#
.....#


You could see a cyclops.

Vanquished Creatures
  An ogre (D:5)
  2 scorpions (D:5)
  A gnoll bouda (D:4)
  4 hounds
  A sleepcap (D:5)
  4 iguanas
  12 gnolls
  8 adders
  A white imp (D:5)
  A worm (D:4)
  3 dart slugs
  9 orcs
  4 endoplasms
  8 goblins
  5 hobgoblins
  A quokka (D:1)
  6 ball pythons
  4 bats
  4 frilled lizards
  5 kobolds
  A rat (D:2)
85 creatures vanquished.

Notes
Turn   | Place    | Note
-------+----------+-------------------------------------------
     0 | D:1      | Esekla the Deep Elf Wanderer began the quest for the Orb.
     0 | D:1      | Esekla set off with the following items: a +0 club, a
                  | potion of lignification, a +0 robe, a +0 buckler; and the
                  | following spells available to memorise: Apportation, Blink,
                  | Lesser Beckoning, Magic Dart, Ignite Poison, Vampiric
                  | Draining.
     0 | D:1      | Reached XP level 1. HP: 10/10 MP: 7/7
     2 | D:1      | Learned a level 1 spell: Magic Dart
     4 | D:1      | Learned a level 1 spell: Apportation
   243 | D:2      | Found Renulab's Jewellery Shop.
   436 | D:4      | Found a radiant altar of Vehumet.
   440 | D:4      | Became a worshipper of Vehumet
   453 | D:4      | Found an iron altar of Okawaru.
   464 | D:4      | Found a glowing silver altar of Zin.
   692 | D:4      | Found Ponaysk's Antique Weapon Boutique.
   933 | D:3      | Identified the +5 rapier of the Hero {heavy, rN+ Dex+3}
                  | (You found it on level 3 of the Dungeon)
  1027 | D:2      | Reached XP level 2. HP: 15/15 MP: 3/9
  1030 | D:2      | Learned a level 2 spell: Blink
  1122 | D:1      | Reached skill level 5 in Spellcasting
  1228 | D:1      | Reached XP level 3. HP: 18/19 MP: 7/11
  1232 | D:1      | Learned a level 3 spell: Vampiric Draining
  1370 | D:1      | Reached * piety under Vehumet
  1370 | D:1      | Offered knowledge of Sandblast by Vehumet.
  1462 | D:1      | Learned a level 3 spell: Teleport Other
  1539 | D:2      | Reached skill level 1 in Conjurations
  1589 | D:2      | Reached skill level 1 in Necromancy
  1624 | D:2      | Reached XP level 4. HP: 23/24 MP: 13/13
  1663 | D:2      | Found a faded altar of an unknown god.
  1710 | D:2      | Noticed a black bear
  1884 | D:2      | Reached skill level 1 in Dodging
  2473 | D:3      | Found a stormy altar of Qazlal.
  2514 | D:3      | Reached XP level 5. HP: 23/28 MP: 12/15
  2536 | D:3      | Found a hazy altar of Hepliaklqana.
  2536 | D:3      | Found a bloodstained altar of Trog.
  2804 | D:4      | Reached skill level 1 in Short Blades
  2867 | D:3      | Reached skill level 6 in Spellcasting
  3029 | D:5      | Entered Level 5 of the Dungeon
  3033 | D:5      | Got the Parchment of the Lumpy Olives
  3054 | D:5      | Found a shadowy altar of Dithmenos.
  3187 | D:5      | Reached XP level 6. HP: 32/32 MP: 17/17
  3282 | D:5      | Reached ** piety under Vehumet
  3427 | D:5      | Offered knowledge of Poisonous Vapours by Vehumet.
  3431 | D:5      | Learned a level 2 spell: Poisonous Vapours
  3435 | D:5      | Learned a level 3 spell: Ignite Poison
  3472 | D:5      | Reached skill level 7 in Spellcasting
  3552 | D:4      | Found a glowing golden altar of the Shining One.
  3597 | D:3      | Reached XP level 7. HP: 20/36 MP: 5/19
  3700 | D:4      | Reached skill level 1 in Transmutations
  3736 | D:4      | Reached skill level 1 in Fire Magic
  4055 | D:5      | Reached skill level 1 in Air Magic
  4264 | D:6      | Found a staircase to the Ecumenical Temple.
  4302 | D:6      | You fall into a shaft and drop 3 floors!
  4305 | D:9      | Noticed a cyclops
  4307 | D:9      | Hit by a large rock thrown by a cyclops

Illustrated notes

Levels and vault maps discovered:
D:1:      sevenhm_arrival_forest_fort_small_3, layout_rooms,
          chequers_serial_rivers_room_b, minmay_misc_feat_five
D:2:      layout_loops_ring, dreamdust_ecumenical_altar_angels_and_demons,
          serial_shops, shop
D:3:      layout_basic, grunt_temple_overflow_open, minmay_misc_feat_iff
D:4:      layout_basic, nicolae_overflow_quartered_altars, serial_shops,
          nicolae_diamond_shop
D:5:      layout_loops_ring, lemuel_doored_altar, minmay_misc_feat_rows,
          dreamdust_wishing_well
D:6:      layout_loops_cross, fedhas_altar_fruit_tree,
          minmay_temple_entry_glass, uniq_pikel, uniq_blork_the_orc
D:9:      layout_irregular_city, kennysheep_little_box, enter_bailey_4,
          minmay_between, uniq_harold

Skill      XL: |  1  2  3  4  5  6  7 |
---------------+----------------------+-----
Spellcasting   | 5 6 7 |  7.4
Conjurations   | 1 2 |  2.1
Necromancy     | 1 2 3 |  3.9
Dodging        | 1 2 |  2.3
Short Blades   | 1 2 |  2.0
Stealth        | 2 |  2.3
Translocations | 3 |  3.2
Transmutations | 1 |  1.1
Fire Magic     | 2 |  2.2
Air Magic      | 1 |  1.0
Throwing       | |  0.1
Shields        | |  1.8
Poison Magic   | |  0.9
Invocations    | |  1.0

Action                     |  1- 3 |  4- 6 |  7- 9 || total
---------------------------+-------+-------+-------++-------
  Melee: Short sword       |    62 |    58 |       ||   120
         Rapier            |     2 |    26 |       ||    28
         Dagger            |       |       |    15 ||    15
  Throw: Dart              |       |     7 |     3 ||    10
   Cast: Apportation       |    25 |    25 |     2 ||    52
         Magic Dart        |    49 |    36 |    13 ||    98
         Vampiric Draining |       |    18 |    13 ||    31
         Blink             |       |     1 |       ||     1
         Poisonous Vapours |       |       |     4 ||     4
         Teleport Other    |       |       |     2 ||     2
         Ignite Poison     |       |       |     2 ||     2
    Use: Scroll            |     1 |       |       ||     1
   Stab: Sleeping          |     2 |     5 |     1 ||     8
         Distracted        |       |     1 |       ||     1
 Armour: Robe              |    16 |    18 |     2 ||    36
  Dodge: Dodged            |    47 |    44 |    17 ||   108
  Block: Buckler           |    10 |    15 |     4 ||    29
